 Dungeon Crawl Stone Soup version 0.27.0-1-g7a089689b8 (webtiles) character file.

Game seed: 17521750158456894475

207 theswoord the Twirler (level 5, -1/38 HPs)
             Began as a Demonspawn Gladiator on Aug 8, 2021.
             Succumbed to a scorpion's poison
             ... on level 3 of the Dungeon.
             The game lasted 00:03:08 (2782 turns).

theswoord the Twirler (Demonspawn Gladiator)        Turns: 2782, Time: 00:03:09

Health: -1/38      AC: 10    Str: 14    XL:     5   Next: 54%
Magic:  5/5        EV:  6    Int:  9    God:
Gold:   89         SH:  0    Dex: 16    Spells: 4/4 levels left

rFire    . . .     SeeInvis .   a - +1 quarterstaff
rCold    . . .     Faith    .   (shield currently unavailable)
rNeg     . . .     Spirit   .   j - +0 chain mail
rPois    .         Reflect  .   (helmet restricted)
rElec    .         Harm     .   (no cloak)
rCorr    .         Rampage  .   t - +1 pair of gloves
Will     .....                  (no boots)
Stlth    ..........             (no amulet)
HPRegen  0.12/turn              (no ring)
MPRegen  0.09/turn              (no ring)

@: lethally poisoned (-1 -> -7)
A: antennae 1, foul stench 1
a: no special abilities


You were on level 3 of the Dungeon.
You visited 1 branch of the dungeon, and saw 3 of its levels.

You collected 89 gold pieces.

Inventory:

Hand Weapons
 a - a +1 quarterstaff (weapon)
Missiles
 d - 3 throwing nets (quivered)
Armour
 b - a +0 leather armour
 c - a +0 helmet
 j - a +0 chain mail (worn)
 t - a +1 pair of gloves (worn)
Scrolls
 e - a scroll of teleportation
Potions
 i - 2 potions of flight


   Skills:
 - Level 2.0 Fighting
 + Level 5.8 Staves
 - Level 1.7 Throwing
 - Level 2.6 Dodging


You had 4 spell levels left.
You didn't know any spells.
Your spell library was empty.

Dungeon Overview and Level Annotations

Branches:
Dungeon (3/15)

Altars:

Shops:
D:2 !


Innate Abilities, Weirdness & Mutations

You have a pair of small antennae on your head.
You may rarely emit foul miasma when damaged in melee.


Message History

The scorpion barely misses you.
You closely miss the scorpion.
The scorpion is heavily wounded.
You feel sick.
The scorpion stings you but does no damage.
You hit the scorpion.
The scorpion is severely wounded.
You feel sick. The scorpion stings you.
* * * LOW HITPOINT WARNING * * *
You are lethally poisoned!
The scorpion poisons you!
You feel much better.
You feel very sick. The scorpion stings you.
* * * LOW HITPOINT WARNING * * *
You are lethally poisoned!
The scorpion poisons you!
You emit a cloud of foul miasma!
You sock the scorpion!
You kill the scorpion!
* * * LOW HITPOINT WARNING * * *
You feel very sick.
No target in view!
It was a potion of attraction.
You feel attractive to monsters.
* * * LOW HITPOINT WARNING * * *
You feel very sick.
It was a potion of haste.
You feel yourself speed up.
* * * LOW HITPOINT WARNING * * *
You feel very sick.
It was a potion of cancellation.
Your magical effects are unravelling.
You feel magically purged.
You feel yourself slow down.
* * * LOW HITPOINT WARNING * * *
You feel sick.
You feel less attractive to monsters.
* * * LOW HITPOINT WARNING * * *
You feel sick.
* * * LOW HITPOINT WARNING * * *
You feel sick.
You die...

*,*,,,,,..##+#####...# *,,,,,
*,*,,,,*#........#...# *,,,,,
*,*,,*,*#........#...# *****,,,,
*,*,,*,*#........#...# *,,,,,,,,
*,*,,*,**,.......#...####,,,,,,,,
*,*>,*,*####.###........#,,,,,,,,
*,****,*#...............#,,,,,,,,
*,,,,,,*#..................,,,,,,
********#.......@.|.....#..,,****
,,,,,,,*####.############*#***
,,,,,,,* #.# *******#####.####
#....h...# #....h.(.#
#........##### #####......hb#
***################.# #


There were no monsters in sight!

Vanquished Creatures
  A phantom (D:3)
  A scorpion (D:3)
  4 adders
  2 worms (D:2)
  2 dart slugs
  2 bats (D:2)
  8 endoplasms
  4 giant cockroaches (D:2)
  2 hobgoblins
  3 kobolds
  4 quokkas
  3 ball pythons
  2 frilled lizards (D:2)
  3 goblins
  4 rats
45 creatures vanquished.

Notes
Turn   | Place    | Note
-------+----------+-------------------------------------------
     0 | D:1      | theswoord the Demonspawn Gladiator began the quest for the
                  | Orb.
     0 | D:1      | Reached XP level 1. HP: 16/16 MP: 1/1
   368 | D:1      | Reached skill level 3 in Staves
   621 | D:1      | Gained mutation: You may rarely emit foul miasma when
                  | damaged in melee. [demonic ancestry]
   621 | D:1      | Reached XP level 2. HP: 22/22 MP: 2/2
  1044 | D:2      | Found Zaxotryn's Distillery.
  1254 | D:2      | Reached XP level 3. HP: 22/27 MP: 3/3
  1392 | D:2      | Reached skill level 4 in Staves
  2279 | D:2      | Gained mutation: You have a pair of small antennae on your
                  | head. [demonic ancestry]
  2279 | D:2      | Reached XP level 4. HP: 31/33 MP: 4/4
  2418 | D:2      | Found a faded altar of an unknown god.
  2750 | D:3      | Noticed a phantom
  2762 | D:3      | Noticed a scorpion
  2764 | D:3      | Killed a phantom
  2765 | D:3      | Reached skill level 5 in Staves
  2765 | D:3      | Reached XP level 5. HP: 21/38 MP: 5/5
  2781 | D:3      | HP: 1/38 [poisoned by a scorpion]
  2782 | D:3      | Succumbed to a scorpion's poison

Skill      XL: |  1  2  3  4 |
---------------+-------------+-----
Staves         | 3 4 5 |  5.8
Fighting       | |  2.0
Throwing       | |  1.7
Dodging        | |  2.6

Action                   |  1- 3 |  4- 6 || total
-------------------------+-------+-------++-------
Melee: Quarterstaff      |   116 |    60 ||   176
  Use: Potion            |     1 |     5 ||     6
       Scroll            |       |     8 ||     8
Armor: Leather armour    |    14 |       ||    14
       Chain mail        |    23 |    39 ||    62
Dodge: Dodged            |    37 |    13 ||    50

Levels and vault maps discovered:
D:1:      minmay_arrival_open_corners, layout_basic
D:2:      layout_basic, serial_shops, shop,
          shapermc_ecumenical_altar_mp_vishouse
D:3:      layout_basic, uniq_crazy_yiuf_cottage
